 Dungeon Crawl Stone Soup version 0.30-a0-1157-g2cc9ac7196 (webtiles) character file.

Game seed: 8652707568185564547

443 cheesebisquit the Stinger (level 7, -24/40 HPs)
             Began as a Gargoyle Venom Mage on Apr 24, 2023.
             Was an Initiate of Dithmenos.
             Killed by an exploding Edmund (31 damage)
             ... ignited by their inner flame
             ... on level 4 of the Dungeon.
             The game lasted 00:14:26 (5281 turns).

cheesebisquit the Stinger (Gargoyle Venom Mage)     Turns: 5281, Time: 00:14:26

Health: -24/40     AC:  7    Str: 17    XL:     7   Next: 2%
Magic:  0/11       EV: 11    Int: 18    God:    Dithmenos [......]
Gold:   237        SH:  0    Dex: 10    Spells: 5/11 levels left

rFire   . . .        t - staff of poison
rCold   + . .        (no shield)
rNeg    + . .        a - +0 robe
rPois   ∞            (no helmet)
rElec   +            (no cloak)
rCorr   .            p - +0 pair of gloves
SInv    .            (no boots)
Will    .....        j - amulet of regeneration
Stlth   ++           k - ring of protection from cold
HPRegen 1.06/turn    n - +6 ring of strength
MPRegen 0.12/turn

%: no passive effects
@: no status effects
A: sickness immunity, AC +4, negative energy resistance 1, electricity
resistance, torment resistance 1, petrification resistance
a: Renounce Religion


You were on level 4 of the Dungeon.
You worshipped Dithmenos.
Dithmenos was noncommittal.
You visited 2 branches of the dungeon, and saw 6 of its levels.

You collected 237 gold pieces.

Inventory:

Missiles
 i - 5 atropa-tipped darts
 s - 9 poisoned darts
 u - 6 boomerangs
Armour
 a - a +0 robe (worn)
 f - a +0 tower shield
 p - a +0 pair of gloves (worn)
Magical Staves
 t - a staff of poison (weapon)
Jewellery
 h - a ring of protection from cold
 j - an amulet of regeneration (around neck)
 k - a ring of protection from cold (left hand)
 n - a +6 ring of strength (right hand)
Scrolls
 l - a scroll of enchant weapon
 o - a scroll of vulnerability {unknown}
 r - a scroll of fog {unknown}
Potions
 b - a potion of mutation
 g - a potion of attraction
 m - a potion of flight


   Skills:
 + Level 2.3 Fighting
 - Level 1.5 Dodging
 + Level 3.5 Stealth
 + Level 2.9 Spellcasting
 - Level 0.7 Transmutations
 + Level 6.3 Poison Magic


You had 5 spell levels left.
You knew the following spells:

 Your Spells              Type           Power      Damage    Failure   Level
a - Sting                 Tmut/Pois      92%        1d7       3%          1
c - Mephitic Cloud        Conj/Pois/Air  15%        N/A       21%         3
z - Poisonous Vapours     Pois/Air       42%        N/A       7%          2

Your spell library contained the following spells:

 Spells                   Type           Power      Damage    Failure   Level
 Olgreb's Toxic Radiance  Pois           38%        N/A       12%         4
 Static Discharge         Conj/Air       4%         2-3/arc   26%         2
 Airstrike                Air            1%         2d(1-17)  86%         4
 Summon Lightning Spire   Summ/Air       2%         N/A       86%         4
 Iskenderun's Battlesphe  Conj           2%         2d6       99%         5
 Iron Shot                Conj/Erth      1%         9d1       100%        6
 Spellforged Servitor     Conj/Summ      1%         N/A       100%        7


Dungeon Overview and Level Annotations

Branches:
Dungeon (5/15)             Temple (1/1) D:4

Altars:
Ashenzari
Dithmenos
Elyvilon
Gozag
Hepliaklqana
Kikubaaqudgha
Nemelex Xobeh
Okawaru
Qazlal
Sif Muna
Trog
Uskayaw
Vehumet
Yredelemnul


Innate Abilities, Weirdness & Mutations

You are immune to sickness and miasma.
Your stone body is resilient. (AC +4)
You are immune to poison.
You resist negative energy. (rN+)
You are resistant to electric shocks. (rElec)
You are resistant to unholy torment.
You are immune to petrification.


Message History

Edmund looks as sick as possible!
Edmund is lightly wounded.
Edmund hits you but does no damage.
You feel a surge of power!
The sting hits Edmund but does no damage.
Edmund looks as sick as possible!
Edmund is lightly wounded.
Edmund barely misses you.
You closely miss Edmund.
Edmund is moderately wounded.
Edmund hits you with a +2 dire flail of protection!
Okay, then.
Okay, then.
You closely miss Edmund.
Edmund is moderately wounded.
Edmund hits you with a +2 dire flail of protection!
* * * LOW HITPOINT WARNING * * *
Edmund hits you with a +2 dire flail of protection.
* * * LOW HITPOINT WARNING * * *
As you read the scroll labelled IVIADA XEOGYPIEHAL, it crumbles to dust.
The creatures around you are filled with an inner flame!
It was a scroll of immolation.
Flame seeps out of Edmund.
Edmund is engulfed in blazing flames.
Flame seeps out of Edmund.
Edmund hits you with a +2 dire flail of protection.
* * * LOW HITPOINT WARNING * * *
The air fills with toxic fumes!
As you read the scroll labelled ZOBIYNEDOA, it crumbles to dust.
It was a scroll of poison.
Flame seeps out of Edmund.
Edmund is engulfed in blazing flames.
Flame seeps out of Edmund.
Edmund hits you with a +2 dire flail of protection.
* * * LOW HITPOINT WARNING * * *
As you read the scroll labelled OTOESI KOMENN, it crumbles to dust.
You hear a loud clanging noise!
It was a scroll of noise.
Flame seeps out of Edmund.
Edmund is engulfed in blazing flames.
Dithmenos accepts your kill.
Edmund explodes!
The fiery explosion engulfs you!!
Ouch! That really hurt!
You die...

####### #### #.....##########
#..# #.....#....#...# #..#
#.....'....#...# ###'##
#######.....#######..'
#....#####§§§°@#...........##'#
#....#.§§§§§§§§#...............
#....#.§#§§§§§§#..(............
#....#..########...............
#....#..##.....#...............
#....#..##.....#.....######....
#....#'###..(..'.....#....#....
#....'..##.....#.....#....#####
#....#..##.....#.....#.....#...


There were no monsters in sight!

Vanquished Creatures
  A water moccasin (D:4)
  Edmund (D:4)
  A black bear (D:4)
  A scorpion (D:4)
  A gnoll bouda (D:4)
  A sleepcap (D:4)
  2 gnolls (D:5)
  2 adders
  An ufetubus (D:5)
  3 dart slugs
  5 orcs
  7 ball pythons
  2 bats (D:1)
  3 endoplasms
  4 giant cockroaches
  4 goblins
  6 hobgoblins
  8 jackals
  6 quokkas
  6 frilled lizards
  5 kobolds
  6 rats
  A bush (D:1)
77 creatures vanquished.

Vanquished Creatures (others)
  11 fungi (D:2)
  A plant (D:1)
12 creatures vanquished.

Grand Total: 89 creatures vanquished

Notes
Turn   | Place    | Note
-------+----------+-------------------------------------------
     0 | D:1      | cheesebisquit the Gargoyle Venom Mage began the quest for
                  | the Orb.
     0 | D:1      | Reached XP level 1. HP: 10/10 MP: 3/3
   220 | D:1      | Reached XP level 2. HP: 10/15 MP: 0/5
  1194 | D:1      | Reached skill level 4 in Poison Magic
  1553 | D:1      | Reached XP level 3. HP: 19/19 MP: 1/6
  2397 | D:3      | Learned a level 2 spell: Poisonous Vapours
  2401 | D:3      | Learned a level 3 spell: Mephitic Cloud
  2516 | D:3      | Reached XP level 4. HP: 22/24 MP: 2/7
  2890 | D:3      | Reached skill level 5 in Poison Magic
  3954 | D:4      | Noticed a scorpion
  3974 | D:4      | Killed a scorpion
  3975 | D:4      | Reached XP level 5. HP: 23/28 MP: 1/8
  4064 | D:4      | Found a staircase to the Ecumenical Temple.
  4073 | Temple   | Entered the Ecumenical Temple
  4162 | Temple   | Became a worshipper of Dithmenos the Shadowed
  4461 | D:4      | Noticed a water moccasin
  4500 | D:4      | Killed a water moccasin
  4501 | D:4      | Reached skill level 1 in Fighting
  4501 | D:4      | Reached skill level 6 in Poison Magic
  4501 | D:4      | Reached XP level 6. HP: 11/34 MP: 6/9
  4899 | D:4      | Noticed a black bear
  4907 | D:4      | Killed a black bear
  5059 | D:5      | Entered Level 5 of the Dungeon
  5223 | D:5      | Reached XP level 7. HP: 40/40 MP: 6/11
  5263 | D:5      | Noticed Edmund
  5281 | D:4      | Killed Edmund
  5281 | D:4      | Killed by an exploding Edmund... ignited by their inner
                  | flame

Illustrated notes

Levels and vault maps discovered:
D:1:      amcnicky_arrival_flooded_fountain, layout_loops_ring, serial_forest,
          infiniplex_forest_clump_small, infiniplex_forest_zigzag_1,
          infiniplex_forest_diagonal, infiniplex_forest_clump_long,
          infiniplex_forest_clump_double, infiniplex_forest_lined_room_2,
          infiniplex_forest_lined_ring, minmay_misc_feat_chi,
          hangedman_abyss_or_decor_stabs, chequers_serial_rivers_micro_d
D:2:      layout_basic, grunt_decor_fettered, dreamdust_mushroom_princess,
          corner_web_ring, dk_noncrumbling_3
D:3:      layout_basic
D:4:      black_bear_nest_1, layout_gridville,
          minmay_temple_entry_statues_fountains
D:5:      layout_cave_pools, nicolae_tso_besieged_by_evil,
          kennysheep_big_empty_room, uniq_menkaure, uniq_edmund, uniq_eustachio
Temple:   jpeg_temple_clearing

Skill      XL: |  1  2  3  4  5  6 |
---------------+-------------------+-----
Poison Magic   | 4 5 6 |  6.3
Fighting       | 1 2 |  2.3
Stealth        | 3 |  3.5
Dodging        | |  1.5
Spellcasting   | |  2.9
Transmutations | |  0.7

Action                     |  1- 3 |  4- 6 |  7- 9 || total
---------------------------+-------+-------+-------++-------
  Melee: Unarmed           |   641 |    29 |       ||   670
         Punch             |     9 |     1 |       ||    10
         Staff             |       |    46 |     2 ||    48
   Cast: Sting             |    66 |    92 |    13 ||   171
         Poisonous Vapours |       |     4 |       ||     4
    Use: Scroll            |     3 |     4 |     3 ||    10
         Potion            |       |     4 |       ||     4
 Armour: Robe              |    27 |    52 |     2 ||    81
  Dodge: Dodged            |    62 |    72 |     4 ||   138

Table legend: (Time is in decaauts)
 A = Elapsed time spent in this place.
 B = Non-inter-level travel time spent in this place.
 C = Inter-level travel time spent in this place.
 D = Time resting spent in this place.
 E = Time spent auto-exploring this place.
 F = Levels seen in this place.
 G = Mean time per level.
                   A        B        C        D        E       F      G
               +--------+--------+--------+--------+--------+-----+--------+
         Total |   5273 |   5075 |    198 |     67 |   3704 |   6 |  878.8 |
       Dungeon |   5167 |   5002 |    165 |     67 |   3649 |   5 | 1033.4 |
        Temple |    105 |     72 |     33 |      0 |     55 |   1 |  105.0 |
               +--------+--------+--------+--------+--------+-----+--------+

Top non-repeatable levels by time:
     D:1: 1685 daAuts
     D:4: 1444 daAuts
     D:3: 1284 daAuts
     D:2: 700 daAuts
  Temple: 105 daAuts
     D:5: 53 daAuts
